 Dungeon Crawl Stone Soup version 0.14-a0-102-g2341383 (webtiles) character file.

579 PolkaDot the Gusty (level 6, 0/41 HPs)
             Began as a Vampire Air Elementalist on Oct 3, 2013.
             Was an Initiate of Sif Muna.
             Killed from afar by Dewdirk's ghost (21 damage)
             ... with a stone arrow
             ... on Level 4 of the Dungeon.
             The game lasted 00:26:36 (4826 turns).

PolkaDot the Gusty (Vampire Air Elementalist)       Turns: 4826, Time: 00:26:36

HP   0/41        AC  3     Str  7      XL: 6   Next: 72%
MP  11/14        EV 12     Int 19      God: Sif Muna [......]
Gold 135         SH  0     Dex 14      Spells:  5 memorised,  1 level left

Res.Fire  : . . .   See Invis. : +   c - +1,+0 dwarf dagger
Res.Cold  : . . .   Warding    : .   l - +0 elf robe
Life Prot.: + . .   Conserve   : .   (no shield)
Res.Poison: .       Res.Corr.  : +   (no helmet)
Res.Elec. : .       Clarity    : .   h - +0 cloak
Sust.Abil.: . .     Spirit.Shd : .   (no gloves)
Res.Mut.  : .       Stasis     : .   (no boots)
Res.Rott. : .       Flight     : .   f - amulet of resist corrosion
Saprovore : . . .                    (no ring)
                                     (no ring)

@: very slightly contaminated, quick, slightly resistant to hostile
enchantments, unstealthy
A: bottle blood, fangs 3, see invisible, unbreathing
a: Bat Form, Bottle Blood, Renounce Religion


You were on level 4 of the Dungeon.
You worshipped Sif Muna.
Sif Muna was noncommittal.
You were not thirsty.

You visited 1 branch of the dungeon, and saw 4 of its levels.

You collected 115 gold pieces.

Inventory:

Hand weapons
 c - a +1,+0 dwarven dagger (weapon)
Armour
 h - a +0 cloak (worn)
 l - a +0 elven robe (worn)
Magical devices
 d - a wand of random effects (17) {unknown}
 e - a wand of polymorph (1)
Scrolls
 g - 2 scrolls of remove curse {unknown}
 i - 2 scrolls of identify
 n - a scroll of enchant armour {unknown}
 o - a scroll of curse armour {unknown}
Jewellery
 f - an amulet of resist corrosion (around neck)
Potions
 k - a potion of poison
 m - a potion of restore abilities
Books
 b - a book of Air

   Spells                             Type                      Level
   *Shock                             Conjuration/Air              1
   *Swiftness                         Charms/Air                   2
   *Repel Missiles                    Charms/Air                   2
   *Flight                            Charms/Air                   3
   *Static Discharge                  Conjuration/Air              3
   Lightning Bolt                     Conjuration/Air              5
 j - a Grand Grimoire {highlevel}

   This book is beyond your current level of understanding.

   Spells                             Type                      Level
   Demonic Horde                      Summoning                    6
   Mass Abjuration                    Summoning                    6
   Haunt                              Necromancy/Summoning         7
   Summon Greater Demon               Summoning                    7
   Malign Gateway                     Summoning/Translocation      7
   Summon Horrible Things             Summoning                    8
 p - Sif Muna's Grimoire of Protection
   (You found it on level 4 of the Dungeon)

   Spells                             Type                      Level
   Infusion                           Charms                       1


   Skills:
 - Level 2.1 Dodging
 - Level 3.0 Stealth
 + Level 3.7 Spellcasting
 - Level 0.6 Conjurations
 * Level 6.4 Air Magic


You had one spell level left.
You knew the following spells:

 Your Spells              Type           Power        Failure   Level  Hunger
a - Static Discharge      Conj/Air       ###.....     12%         3    ###....
b - Repel Missiles        Chrm/Air       ###.......   8%          2    ##.....
q - Swiftness             Chrm/Air       ###.......   8%          2    ##.....
s - Shock                 Conj/Air       ###.         4%          1    None
w - Flight                Chrm/Air       ###.......   12%         3    ###....


Dungeon Overview and Level Annotations

Branches:
Dungeon (4/27)
 Temple: D:4-7

Altars:
Cheibriados
Makhleb
Sif Muna
Yredelemnul

Annotations:
D:4 Dewdirk's ghost, experienced GrEE


Innate Abilities, Weirdness & Mutations

You can bottle blood from corpses.
You have razor-sharp teeth.*
You have supernaturally acute eyesight.
You can survive without breathing.*


Message History

Dewdirk's ghost gestures.
For a moment, the earth shakes beneath you.
Dewdirk's ghost points at you and mumbles some strange words.
The stone arrow misses you.
There is an open door here.
Dewdirk's ghost gestures at you while chanting.
The stone arrow hits you!
Ouch! That really hurt!
Casting: Static Discharge
Confirm with . or Enter, or press ? or * to list all spells.
You miscast Swiftness.
You are very lightly contaminated with residual magic.
You feel a strange surge of energy!
Casting: Swiftness
Confirm with . or Enter, or press ? or * to list all spells.
You feel quick. Dewdirk's ghost casts a spell at you. The stone arrow hits you!
Ouch! That really hurt!
You die...

#.#.≈..#8..#...# #
#.######..###.## # ##.#
#### #.# # #..# ##'## #
#.## ##...## # #.####
##.....## ### #.##.##
##.......## ##..
#.#...####.........####.[.
#........@...p.....'......
#.#...####.........#.....)
#.##.## ##.......##.###..
#.....# ##.....###.# #..
#####.# ##...## #.# ##.
#.# ##+## #.##### #.# #.#
#....## #.# #.# #..(...
####.##### ##.## #.).%..


You could see Dewdirk's ghost.

Vanquished Creatures
  Duvessa (D:4)
  Dowan (D:4)
  A crimson imp (D:3)
  2 orc wizards (D:4)
  Crazy Yiuf (D:2)
  2 orc priests
  A scorpion (D:4)
  6 adders
  A worm (D:2)
  11 orcs
  6 giant cockroaches
  12 goblins
  5 hobgoblins
  5 kobolds
  2 quokkas (D:2)
  A ball python (D:4)
  10 bats
  2 giant geckos
  2 giant newts
  4 rats
  A fungus (D:2)
77 creatures vanquished.

Notes
Turn   | Place    | Note
--------------------------------------------------------------
     0 | D:1      | PolkaDot, the Vampire Air Elementalist, began the quest for the Orb.
     0 | D:1      | Reached XP level 1. HP: 13/13 MP: 4/4
   420 | D:1      | Reached XP level 2. HP: 13/19 MP: 2/5
  1311 | D:2      | Reached skill level 4 in Air Magic
  1311 | D:2      | Reached XP level 3. HP: 12/24 MP: 0/7
  2138 | D:2      | Reached XP level 4. HP: 30/30 MP: 9/9
  2351 | D:2      | Noticed Crazy Yiuf
  2376 | D:2      | Killed Crazy Yiuf
  2418 | D:3      | Learned a level 2 spell: Swiftness
  2422 | D:3      | Learned a level 3 spell: Flight
  2691 | D:3      | Reached skill level 5 in Air Magic
  2691 | D:3      | Reached XP level 5. HP: 26/35 MP: 3/11
  2870 | D:3      | Learned a level 3 spell: Static Discharge
  3191 | D:3      | Found a snail-covered altar of Cheibriados.
  3197 | D:3      | Found a basalt altar of Yredelemnul.
  3197 | D:3      | Found a burning altar of Makhleb.
  3809 | D:4      | Reached XP level 6. HP: 38/41 MP: 8/13
  4015 | D:4      | Found a deep blue altar of Sif Muna.
  4021 | D:4      | Became a worshipper of Sif Muna the Loreminder
  4127 | D:4      | Reached skill level 6 in Air Magic
  4157 | D:4      | Identified Sif Muna's Grimoire of Protection
  4236 | D:4      | Learned a level 2 spell: Repel Missiles
  4346 | D:4      | Noticed Dowan
  4348 | D:4      | Noticed Duvessa
  4372 | D:4      | Killed Duvessa
  4629 | D:4      | Killed Dowan
  4801 | D:4      | Noticed Dewdirk's ghost (experienced GrEE)
  4826 | D:4      | Killed from afar by Dewdirk's ghost

Action                   |  1- 3 |  4- 6 || total
-------------------------+-------+-------++-------
Melee: Dagger            |    90 |   143 ||   233
       Unarmed           |       |     3 ||     3
 Cast: Shock             |    51 |    41 ||    92
       Flight            |       |     3 ||     3
       Static Discharge  |       |    24 ||    24
       Swiftness         |       |     1 ||     1
  Use: Potion            |     2 |     6 ||     8
       Scroll            |     1 |    10 ||    11
 Stab: Sleeping          |     5 |     3 ||     8
